AoeStats
← Effect

Fortress

507688527Analyzed
4v4 RM · 13d ago on Sep 19, 2026· 58m 43s· 8 players
Game mode
Random Map
Map size
Huge
Population
200
Speed
Normal
Resources
Standard
Victory
Conquest
Starting age
Dark Age
Ending age
Imperial Age
RankedLock teamsTeams togetherTeam positionsShared explorationLock speedFull tech treeHidden civsTurbo modeCheats
Victory
Defeat
🇩🇪 Georgians · Germany
1060
+14
🇫🇮 Britons · Finland
1051
+15
🇫🇷 Burmese · France
1050
+15
🇨🇾 Italians · Cyprus
999
+17
🇨🇳 Poles · China
1103
-19
🇹🇼 Spanish · Taiwan
1001
-14
🇨🇳 Koreans · China
997
-14
🇨🇳 Khmer · China
997
-14
Open sesame
7:25 Feudal Age
11:48 Castle Age
9:54 Double-Bit Axe
10:13 Horse Collar
13:35 Bow Saw
13:27 Heavy Plow
18:29 Wheelbarrow
20:24 Hand Cart
21:52 Loom
23:30 Caravan
27:40 Imperial Age
25:40 Padded Archer Armor
25:30 Fletching
26:03 Gold Mining
26:03 Stone Mining
27:21 Ballistics
28:27 Bodkin Arrow
28:48 Leather Archer Armor
28:38 Scale Barding Armor
29:38 Chemistry
30:04 Conscription
30:00 Bracer
30:13 Forging
30:34 Yeomen
29:39 Elite Longbowman
29:50 Crossbowman
32:01 Two-Man Saw
31:26 Husbandry
30:47 Light Cavalry
31:00 Elite Skirmisher
31:51 Arbalester
35:23 Ring Archer Armor
35:14 Chain Barding Armor
35:30 Iron Casting
35:33 Coinage
35:10 Arson
35:26 Squires
34:59 Capped Ram
37:28 Banking
37:21 Warwolf
47:08 Plate Barding Armor
46:33 Scale Mail Armor
47:34 Blast Furnace
50:22 Heavy Cavalry Archer
Vivine61
5:24 Loom
7:10 Feudal Age
12:20 Castle Age
16:37 Horse Collar
23:59 Husbandry
25:37 Scale Barding Armor
25:44 Forging
26:21 Gold Mining
30:22 Imperial Age
28:05 Fletching
29:33 Caravan
30:17 Ballistics
30:30 Stone Mining
31:16 Gold Shaft Mining
30:47 Manipur Cavalry
31:39 Iron Casting
31:50 Conscription
33:46 Blast Furnace
33:15 Heavy Plow
34:57 Chemistry
35:14 Wheelbarrow
34:26 Town Watch
34:56 Bloodlines
35:18 Elite Battle Elephant
36:07 Elite Arambai
37:22 Chain Barding Armor
37:20 Howdah
39:01 Light Cavalry
39:45 Hussar
41:25 Plate Barding Armor
42:29 Siege Engineers
51:43 Coinage
51:24 Guilds
Krake
0:36 Loom
6:58 Feudal Age
7:24 Double-Bit Axe
14:03 Castle Age
17:18 Fletching
19:13 Gold Mining
19:13 Horse Collar
24:11 Forging
24:22 Bloodlines
27:31 Scale Barding Armor
28:23 Heavy Plow
29:30 Iron Casting
30:05 Svan Towers
30:57 Bodkin Arrow
31:34 Bow Saw
31:55 Murder Holes
33:13 Ballistics
37:01 Imperial Age
35:04 Fortified Wall
35:14 Guard Tower
35:31 Husbandry
35:59 Stone Mining
37:08 Wheelbarrow
38:00 Chain Barding Armor
38:28 Hand Cart
38:01 Town Watch
39:52 Chemistry
39:28 Keep
38:38 Arrowslits
39:47 Crop Rotation
40:35 Blast Furnace
39:37 Bracer
40:36 Stone Shaft Mining
41:09 Arrowslits
41:31 Padded Archer Armor
41:31 Scale Mail Armor
42:07 Plate Barding Armor
42:16 Light Cavalry
42:17 Cavalier
43:15 Leather Archer Armor
43:24 Hussar
47:12 Conscription
50:06 Chain Mail Armor
50:52 Caravan
51:22 Coinage
51:03 Guilds
52:19 Aznauri Cavalry
53:13 Elite Monaspa
55:25 Hoardings
54:21 Sappers
55:41 Sanctity
55:54 Banking
55:58 Plate Mail Armor
57:27 Man-at-Arms
57:53 Gambesons
58:09 Squires
57:54 Arson
fuita
0:28 Loom
7:49 Feudal Age
9:05 Horse Collar
9:15 Double-Bit Axe
9:22 Gold Mining
14:52 Castle Age
14:43 Fletching
14:54 Padded Archer Armor
15:46 Heavy Plow
16:01 Bow Saw
18:28 Bodkin Arrow
18:48 Leather Archer Armor
26:16 Imperial Age
24:09 Ballistics
23:43 Town Watch
25:14 Wheelbarrow
25:01 Leather Archer Armor
26:24 Hand Cart
28:12 Chemistry
28:05 Crop Rotation
28:41 Two-Man Saw
28:40 Bracer
29:40 Ring Archer Armor
30:32 Town Patrol
30:46 Forging
33:19 Caravan
34:26 Elite Genoese Crossbowman
35:34 Stone Mining
39:50 Stone Shaft Mining
46:37 Pikeman
47:18 Squires
47:03 Arson
47:17 Murder Holes
47:44 Bombard Tower
49:52 Iron Casting
49:22 Scale Barding Armor
54:47 Guard Tower
57:29 Arrowslits
58:20 Keep
57:26 Treadmill Crane
踏天南
2:33 Loom
13:25 Feudal Age
14:36 Double-Bit Axe
17:07 Castle Age
15:46 Horse Collar
18:10 Bow Saw
18:03 Fletching
19:31 Wheelbarrow
21:19 Gold Mining
21:19 Stone Mining
22:06 Hand Cart
23:03 Heavy Plow
25:21 Bodkin Arrow
26:16 Ballistics
27:51 Fortified Wall
27:37 Murder Holes
32:14 Imperial Age
30:54 Eupseong
31:43 Stone Shaft Mining
31:43 Gold Shaft Mining
32:32 Town Watch
34:19 Chemistry
33:05 Arrowslits
34:18 Conscription
33:37 Elite War Wagon
34:57 Siege Engineers
35:44 Bracer
35:57 Caravan
36:19 Husbandry
42:35 Masonry
43:45 Heavy Rocket Cart
45:20 Scale Barding Armor
45:26 Forging
49:46 Light Cavalry
50:50 Chain Barding Armor
51:06 Iron Casting
51:08 Hussar
yellowpig
0:33 Loom
8:25 Feudal Age
8:56 Double-Bit Axe
8:55 Horse Collar
15:11 Castle Age
14:56 Bloodlines
15:20 Scale Barding Armor
15:18 Fletching
16:03 Husbandry
16:47 Light Cavalry
20:40 Heavy Plow
24:41 Caravan
28:27 Imperial Age
26:15 Elite Skirmisher
27:02 Padded Archer Armor
26:58 Bodkin Arrow
28:31 Leather Archer Armor
29:42 Chain Barding Armor
30:04 Conscription
30:44 Bow Saw
30:39 Stone Mining
30:56 Pikeman
31:37 Squires
32:08 Ballistics
31:49 Hussar
33:58 Halberdier
35:16 Fortified Wall
35:18 Cavalier
36:29 Forging
38:09 Plate Barding Armor
37:50 Murder Holes
39:17 Sanctity
39:13 Block Printing
39:32 Ring Archer Armor
43:09 Wheelbarrow
47:12 Two-Man Saw
46:50 Hand Cart
46:39 Bracer
47:14 Iron Casting
47:20 Paladin
48:19 Capped Ram
50:27 Blast Furnace
53:20 Elite Conquistador
55:10 Siege Ram
56:13 Scale Mail Armor
king vitt
0:32 Loom
8:38 Feudal Age
9:52 Double-Bit Axe
9:58 Horse Collar
11:59 Wheelbarrow
14:02 Castle Age
16:13 Hand Cart
18:23 Bow Saw
19:01 Heavy Plow
24:24 Town Watch
26:45 Caravan
30:03 Imperial Age
27:35 Stone Mining
27:41 Gold Mining
29:51 Fortified Wall
30:05 Ballistics
30:13 Scale Barding Armor
31:22 Chain Barding Armor
31:07 Husbandry
31:18 Bloodlines
31:30 Heavy Scorpion
32:18 Double Crossbow
32:42 Conscription
35:14 Chemistry
34:21 Siege Engineers
35:01 Elite Ballista Elephant
36:55 Plate Barding Armor
50:43 Coinage
51:47 Light Cavalry
52:42 Forging
52:40 Hussar
53:59 Iron Casting
58:23 Masonry
Effect
5:38 Loom
7:44 Feudal Age
8:56 Double-Bit Axe
8:53 Horse Collar
11:11 Stone Mining
15:24 Castle Age
15:49 Bloodlines
17:23 Bow Saw
19:07 Scale Barding Armor
19:39 Husbandry
22:17 Gold Mining
23:17 Heavy Plow
23:19 Pikeman
27:19 Scale Mail Armor
27:30 Forging
29:37 Chain Mail Armor
31:14 Chain Barding Armor
32:21 Wheelbarrow
32:35 Iron Casting
32:49 Squires
33:02 Szlachta Privileges
37:04 Imperial Age
35:20 Elite Skirmisher
38:20 Conscription
38:23 Lechitic Legacy
37:34 Cavalier
48:30 Blast Furnace
48:02 Plate Mail Armor
47:40 Padded Archer Armor
47:42 Light Cavalry
48:53 Winged Hussar
51:03 Crop Rotation
Connection lost

Rejoining the realm…

Still unreachable

The connection could not be restored.

Session expired

The server has moved on; the page needs a fresh start.